 Dungeon Crawl Stone Soup version 0.29-a0-322-g68df515428 (webtiles) character file.

Game seed: 6094782157215979748

1056 kae the Firebug (level 8, -4/46 HPs)
             Began as a Tengu Fire Elementalist on Apr 7, 2022.
             Killed by divine providence
             ... invoked by an orc priest
              (13 damage)
             ... on level 5 of the Dungeon.
             The game lasted 00:03:31 (5662 turns).

kae the Firebug (Tengu Fire Elementalist)           Turns: 5662, Time: 00:03:31

Health: -4/46      AC:  6    Str:  9    XL:     8   Next: 26%
Magic:  14/14      EV: 13    Int: 18    God:
Gold:   211        SH:  9    Dex: 14    Spells: 8/14 levels left

rFire   . . .      SeeInvis .   n - +2 trident (venom)
rCold   . . .      Faith    .   d - +1 kite shield
rNeg    . . .      Spirit   .   k - +3 leather armour of Inviolability {Rampage rPois}
rPois   +          Reflect  .   (helmet restricted)
rElec   .          Harm     .   (no cloak)
rCorr   .          Rampage  +   (no gloves)
Will    .....                   (boots unavailable)
Stlth   ++........              (no amulet)
HPRegen 0.15/turn               (no ring)
MPRegen 0.14/turn               (no ring)

@: flying quickly and evasively, quick
A: beak, talons 3, nimble flight
a: no special abilities


You were on level 5 of the Dungeon.
You visited 1 branch of the dungeon, and saw 5 of its levels.

You collected 211 gold pieces.

Inventory:

Hand Weapons
 h - a +0 rapier
 l - a +1 dagger of speed
 n - a +2 trident of venom (weapon)
Armour
 a - a +0 robe
 d - a +1 kite shield (worn)
 k - the +3 leather armour of Inviolability (worn) {Rampage rPois}
   (You found it on level 2 of the Dungeon)

   rPois:     It protects you from poison.
   Rampage:   It bestows one free step when moving towards enemies.
Jewellery
 c - a +4 ring of protection
 m - a ring of protection from cold
 p - a ring of magical power
Wands
 q - a wand of polymorph (13)
Scrolls
 e - a scroll of noise
 f - 3 scrolls of identify
 g - a scroll of fog
 i - a scroll of enchant armour
 r - a scroll of enchant weapon
 s - a scroll of fear {unknown}
 t - a scroll of holy word {unknown}
Potions
 b - a potion of magic
 j - a potion of mutation {unknown}
 o - a potion of lignification
 u - a potion of resistance {unknown}


   Skills:
 + Level 3.1 Fighting
 + Level 3.8 Armour
 + Level 4.2 Dodging
 - Level 2.0 Stealth
 + Level 3.0 Shields
 + Level 3.7 Spellcasting
 + Level 4.8 Conjurations
 + Level 5.1 Fire Magic


You had 8 spell levels left.
You knew the following spells:

 Your Spells              Type           Power      Damage    Failure   Level
a - Foxfire               Conj/Fire      84%        2x1d8     9%          1
b - Scorch                Fire           42%        2d7       12%         2
c - Conjure Flame         Conj/Fire      21%        6-21      24%         3

Your spell library contained the following spells:

 Spells                   Type           Power      Damage    Failure   Level
 Animate Skeleton         Necr           6%         N/A       54%         1
 Pain                     Necr           12%        1d4       54%         1
 Inner Flame              Hex/Fire       12%        N/A       54%         3
 Flame Wave               Conj/Fire      21%        2d7       63%         4
 Sticky Flame             Conj/Fire      21%        2d4       63%         4
 Ignite Poison            Fire/Tmut/Pois 9%         N/A       67%         3
 Ozocubu's Armour         Ice            3%         N/A       88%         3
 Vampiric Draining        Necr           3%         2d6       88%         3
 Anguish                  Hex/Necr       1%         N/A       99%         4
 Borgnjor's Vile Clutch   Necr/Erth      1%         N/A       100%        5
 Lightning Bolt           Conj/Air       6%         1d18      100%        5
 Metabolic Englaciation   Hex/Ice        1%         N/A       100%        5
 Conjure Ball Lightning   Conj/Air       6%         3x3d6     100%        6
 Simulacrum               Ice/Necr       1%         N/A       100%        6
 Chain Lightning          Conj/Air       6%         3d8       100%        9
 Fire Storm               Conj/Fire      10%        8d3       100%        9
 Shatter                  Erth           1%         3d6*      100%        9


Dungeon Overview and Level Annotations

Branches:
Dungeon (5/15)
 Temple: D:4-7

Altars:
Nemelex Xobeh

Annotations:
D:3 1 transporter


Innate Abilities, Weirdness & Mutations

You have a beak for a mouth.
You have claws for feet.
Your magical nature lets you fly swiftly and evasively.


Message History

You block the gnoll shaman's attack.
You puncture the gnoll shaman!
The gnoll shaman looks as sick as possible!
You claw the gnoll shaman.
You kill the gnoll shaman!
You block the gnoll's attack.
The gnoll hits you from afar with a +0 spear. x2
You closely miss the gnoll. Your kick misses the gnoll.
You peck the gnoll, but do no damage. You block the gnoll's attack.
The gnoll barely misses you.
An orc priest comes into view. It is wielding a +0 whip.
You hit the gnoll.
The gnoll is poisoned.
Your kick misses the gnoll. You peck the gnoll.
The gnoll is moderately wounded.
The gnoll hits you with a +0 club. The gnoll barely misses you.
The gnoll hits you with a +0 club.
You closely miss the gnoll. You claw the gnoll.
The gnoll is heavily wounded.
You block the gnoll's attack. The gnoll hits you with a +0 club.
You closely miss the gnoll. Your kick misses the gnoll.
The gnoll is almost dead.
You kill the gnoll!
You block the gnoll's attack.
The orc priest mumbles some strange prayers to Beogh against you.
Beogh smites you!
The gnoll hits you from afar with a +0 spear.
You hear a shout!
You are too injured to fight recklessly!
You closely miss the orc priest. Your kick misses the orc priest.
You hear a shout!
You block the gnoll's attack. The orc priest hits you with a +0 whip.
You barely miss the orc priest.
You claw the orc priest, but do no damage.
The gnoll closely misses you.
The orc priest invokes the aid of Beogh against you.
Pain shoots through your body!
* * * LOW HITPOINT WARNING * * *
The orc priest invokes the aid of Beogh against you.
Beogh smites you!
You die...

... ## ...# #. .....#.
#.....# .....#.
#.....# .......
#.....## .......####
#......#..
.......o)g###.........
.....#@#†.#.........<
... #.##g#.......... .
#.##....g.......
##.####..........
.................
+.................
#............>...#
#....#........#.#
#...............#


You could see an orc priest and a gnoll.

Vanquished Creatures
  Grinder (D:3)
  2 black bears (D:4)
  2 phantoms
  A scorpion (D:4)
  2 howler monkeys
  A jelly (D:4)
  An orc priest (D:3)
  3 hounds
  A gnoll shaman (D:5)
  An iguana (D:5)
  6 adders
  2 gnolls
  A shadow imp (D:5)
  2 worms
  3 dart slugs
  7 orcs
  7 bats
  9 endoplasms
  2 giant cockroaches
  8 goblins
  10 hobgoblins
  7 kobolds
  4 quokkas
  A ball python (D:1)
  8 rats
92 creatures vanquished.

Vanquished Creatures (collateral kills)
  2 foxfires (D:1)
2 creatures vanquished.

Vanquished Creatures (others)
  152 foxfires
152 creatures vanquished.

Grand Total: 246 creatures vanquished

Notes
Turn   | Place    | Note
-------+----------+-------------------------------------------
     0 | D:1      | kae the Tengu Fire Elementalist began the quest for the
                  | Orb.
     0 | D:1      | Reached XP level 1. HP: 10/10 MP: 4/4
   445 | D:1      | Reached XP level 2. HP: 15/15 MP: 3/6
   923 | D:1      | Reached skill level 1 in Armour
  1036 | D:1      | Found a faded altar of an unknown god.
  1474 | D:1      | Reached XP level 3. HP: 20/20 MP: 3/7
  1643 | D:2      | Learned a level 2 spell: Scorch
  1647 | D:2      | Learned a level 3 spell: Conjure Flame
  2068 | D:2      | Reached skill level 1 in Fighting
  2211 | D:2      | Reached XP level 4. HP: 13/25 MP: 3/8
  2222 | D:2      | Identified the +3 leather armour of Inviolability {Rampage
                  | rPois}
  2988 | D:3      | Noticed a phantom
  3029 | D:2      | Killed a phantom
  3030 | D:2      | Reached skill level 1 in Shields
  3030 | D:2      | Reached skill level 4 in Fire Magic
  3030 | D:2      | Gained mutation: Your magical nature lets you fly swiftly
                  | and evasively. [Tengu growth]
  3030 | D:2      | Reached XP level 5. HP: 8/29 MP: 3/9
  3549 | D:3      | Noticed Grinder
  3566 | D:3      | Killed Grinder
  3567 | D:3      | Reached XP level 6. HP: 18/35 MP: 7/11
  3826 | D:3      | Reached XP level 7. HP: 40/40 MP: 9/12
  3991 | D:3      | Found a sparkling altar of Nemelex Xobeh.
  3991 | D:3      | Found a transporter.
  4321 | D:3      | Got the Guide on Darkness and Conjuration
  5325 | D:5      | Entered Level 5 of the Dungeon
  5333 | D:4      | Reached XP level 8. HP: 36/45 MP: 14/14
  5403 | D:4      | Reached skill level 5 in Fire Magic
  5662 | D:5      | Killed from afar by an orc priest

Illustrated notes

Levels and vault maps discovered:
D:1:      lemuel_arrival_room, layout_basic, dreamdust_ecumenical_altar_grove,
          chequers_serial_rivers_large_b, minivault_24
D:2:      layout_loops_ring, chequers_mini_garden, minmay_cupped
D:3:      layout_basic, grunt_nemelex_the_gamble, grunt_ministairs_3,
          lemuel_another_geyser, uniq_grinder
D:4:      layout_basic
D:5:      layout_rooms, mainiacjoe_overflow_small_starburst, fedhas_altar_3,
          mainiacjoe_overflow_divided_tiny, amethyst_killhole

Skill      XL: |  1  2  3  4  5  6  7  8 |
---------------+-------------------------+-----
Armour         | 1 2 3 |  3.8
Conjurations   | 2 3 4 |  4.8
Fighting       | 1 2 3 |  3.1
Shields        | 1 2 3 |  3.0
Fire Magic     | 4 5 |  5.1
Dodging        | 3 4 |  4.2
Spellcasting   | 3 |  3.7
Stealth        | |  2.0

Action                   |  1- 3 |  4- 6 |  7- 9 || total
-------------------------+-------+-------+-------++-------
Melee: Unarmed           |    10 |       |       ||    10
       Peck              |     2 |     2 |    16 ||    20
       Kick              |     1 |     9 |    26 ||    36
       Trident           |       |    39 |    97 ||   136
       Dagger            |       |     4 |       ||     4
 Cast: Foxfire           |    61 |    26 |     6 ||    93
       Scorch            |     6 |     4 |     2 ||    12
  Use: Scroll            |     2 |     2 |     6 ||    10
       Potion            |       |     4 |       ||     4
 Stab: Sleeping          |       |     2 |     2 ||     4
       Distracted        |       |       |     1 ||     1
Armor: Robe              |     7 |       |       ||     7
       Leather armour    |       |    13 |    37 ||    50
Dodge: Dodged            |    27 |    41 |    54 ||   122
Block: Kite shield       |     3 |       |    44 ||    47

Table legend: (Time is in decaauts)
 A = Elapsed time spent in this place.
 B = Non-inter-level travel time spent in this place.
 C = Inter-level travel time spent in this place.
 D = Time resting spent in this place.
 E = Time spent auto-exploring this place.
 F = Levels seen in this place.
 G = Mean time per level.
                   A        B        C        D        E       F      G
               +--------+--------+--------+--------+--------+-----+--------+
         Total |   5652 |   5531 |    121 |    520 |   4193 |   5 | 1130.4 |
       Dungeon |   5652 |   5531 |    121 |    520 |   4193 |   5 | 1130.4 |
               +--------+--------+--------+--------+--------+-----+--------+

Top non-repeatable levels by time:
     D:2: 1666 daAuts
     D:1: 1664 daAuts
     D:3: 1192 daAuts
     D:4: 928 daAuts
     D:5: 200 daAuts
